 Dungeon Crawl Stone Soup version 0.29.1-2-gbd0b4ee654 (webtiles) character file.

Game seed: 8723127221572339945

105 qeuew the Ducker (level 4, -2/34 HPs)
             Began as a Merfolk Gladiator on Nov 11, 2022.
             Was a Follower of Okawaru.
             Killed from afar by Ijyb (10 damage)
             ... with a puff of flame
             ... on level 3 of the Dungeon.
             The game lasted 00:02:15 (2562 turns).

qeuew the Ducker (Merfolk Gladiator)                Turns: 2562, Time: 00:02:16

Health: -2/34      AC:  5    Str: 16    XL:     4   Next: 83%
Magic:  4/4        EV: 14    Int:  7    God:    Okawaru [*.....]
Gold:   112        SH:  0    Dex: 15    Spells: 3/3 levels left

rFire   . . .      SeeInvis .   a - +0 trident
rCold   . . .      Faith    .   (no shield)
rNeg    . . .      Spirit   .   b - +0 leather armour
rPois   .          Reflect  .   c - +1 helmet
rElec   .          Harm     .   (no cloak)
rCorr   .          Rampage  .   (no gloves)
Will    .....                   (no boots)
Stlth   +.........              (no amulet)
HPRegen 0.11/turn               (no ring)
MPRegen 0.09/turn               (no ring)

@: no status effects
A: (nimble swimmer 2), mertail
a: Renounce Religion, Heroism


You were on level 3 of the Dungeon.
You worshipped Okawaru.
Okawaru was aware of your devotion.
You visited 1 branch of the dungeon, and saw 3 of its levels.

You collected 112 gold pieces.

Inventory:

Hand Weapons
 a - a +0 trident (weapon)
Missiles
 d - 2 throwing nets (quivered)
 e - a javelin
Armour
 b - a +0 leather armour (worn)
 c - a +1 helmet (worn)
Wands
 i - a wand of light (5)
Potions
 f - a potion of might
 g - a potion of haste {unknown}
 h - 2 potions of curing


   Skills:
 + Level 2.9 Fighting
 + Level 4.7 Polearms
 + Level 2.5 Throwing
 + Level 1.0 Armour
 * Level 5.3 Dodging


You had 3 spell levels left.
You didn't know any spells.
Your spell library contained the following spells:

 Spells                   Type           Power      Damage    Failure   Level
 Portal Projectile        Hex/Tloc       0%         N/A       86%         3
 Leda's Liquefaction      Hex/Erth       0%         N/A       99%         4
 Call Canine Familiar     Summ           Unusable   N/A       N/A         3

Dungeon Overview and Level Annotations

Branches:
Dungeon (3/15)

Altars:
Okawaru
Trog

Annotations:
D:3 Ijyb


Innate Abilities, Weirdness & Mutations

((You are very nimble when in or above water. (Stealth+, EV+, Speed+++)))
Your lower body shifts to a powerful aquatic tail in water.


Message History

You are too injured to fight recklessly!
You are too injured to fight recklessly!
You are too injured to fight recklessly!
You are too injured to fight recklessly!
You are too injured to fight recklessly!
You are too injured to fight recklessly!
You are too injured to fight recklessly!
You are too injured to fight recklessly!
You are too injured to fight recklessly!
You puncture Ijyb!
Ijyb is moderately wounded.
Ijyb barely misses you.
Throw: 3 throwing nets
Press: ? - help, Q - select action, (/) - cycle Shift-Dir - straight line, f/p - Ijyb
Aim: Ijyb, wielding a +4 club, wearing a +0 leather armour and carrying a wand of flame (23) (moderately wounded, 53% to hit)
You throw a throwing net. The throwing net hits Ijyb.
Ijyb is caught in the net!
Ijyb is moderately wounded.
Ijyb zaps a wand.
The puff of flame hits you.
Ijyb struggles against the net.
You hit Ijyb but do no damage.
Ijyb is moderately wounded.
You hit Ijyb but do no damage.
Ijyb is moderately wounded.
Ijyb struggles against the net.
You hit Ijyb but do no damage.
Ijyb is moderately wounded.
Ijyb struggles against the net.
You catch the helpless Ijyb completely off-guard!
You hit Ijyb.
Ijyb is heavily wounded.
Ijyb zaps a wand.
The puff of flame hits you.
* * * LOW HITPOINT WARNING * * *
Ijyb struggles against the net.
You hit Ijyb but do no damage.
Ijyb is heavily wounded.
You strike the helpless Ijyb from behind!
You hit Ijyb.
Ijyb is heavily wounded.
Ijyb zaps a wand.
The puff of flame hits you!
You die...

####...## #.......#
#.......## #+#
#........## #.#
#.......#.# #.#
#........##
##.####.......##
#####.............#
#..g@.....#.##..###
#......#....###.#..#
####.#.##..#####...#
# #....<........#
#.......#.#.##.##
#######........#
##########


You could see Ijyb (caught).

Vanquished Creatures
  A hound (D:3)
  2 adders (D:2)
  2 dart slugs
  7 ball pythons
  A bat (D:1)
  5 endoplasms (D:1)
  3 giant cockroaches
  7 goblins
  6 hobgoblins
  8 kobolds
  2 quokkas
  A frilled lizard (D:3)
  A rat (D:1)
46 creatures vanquished.

Notes
Turn   | Place    | Note
-------+----------+-------------------------------------------
     0 | D:1      | qeuew the Merfolk Gladiator began the quest for the Orb.
     0 | D:1      | Reached XP level 1. HP: 16/16 MP: 1/1
    52 | D:1      | Reached XP level 2. HP: 19/23 MP: 2/2
   953 | D:1      | Reached XP level 3. HP: 28/28 MP: 3/3
  1543 | D:2      | Found a faded altar of an unknown god.
  1578 | D:2      | Prayed at the altar of an unknown god.
  1578 | D:2      | Became a worshipper of Warmaster Okawaru
  1578 | D:2      | Reached * piety under Okawaru
  1607 | D:2      | Found a bloodstained altar of Trog.
  1839 | D:2      | Reached XP level 4. HP: 34/34 MP: 4/4
  1850 | D:2      | Reached skill level 5 in Dodging
  2397 | D:3      | Reached skill level 1 in Armour
  2546 | D:3      | Noticed Ijyb
  2562 | D:3      | Killed from afar by Ijyb

Illustrated notes

Levels and vault maps discovered:
D:1:      eino_arrival_druids_welcome, layout_basic
D:2:      layout_loops_ring, hellmonk_ecumenical_altar_blasted, basic_altar,
          minmay_quadrilaterals
D:3:      layout_loops_corners, uniq_ijyb

Skill      XL: |  1  2  3  4 |
---------------+-------------+-----
Dodging        | 5 |  5.3
Armour         | 1 |  1.0
Fighting       | |  2.9
Polearms       | |  4.7
Throwing       | |  2.5

Action                   |  1- 3 |  4- 6 || total
-------------------------+-------+-------++-------
Melee: Trident           |   119 |    34 ||   153
Throw: Throwing net      |       |     1 ||     1
  Use: Potion            |     3 |     2 ||     5
       Scroll            |       |     4 ||     4
 Stab: Sleeping          |     3 |     3 ||     6
       Held in net/web   |       |     2 ||     2
Armor: Leather armour    |    27 |     2 ||    29
Dodge: Dodged            |    51 |    12 ||    63
